| TOP OF THE 1ST |
|
Peoria Chiefs batting - Pitching for West Virginia Power : LHP Alfredo Carranza
|
|
Pitching: LHP Alfredo Carranza
|
|
|
Batting: RHB Fekadu Alhaadi
|
0-0: Fly out, F4 (Line Drive, 34, EV 75.0 MPH)
|
|
Batting: LHB Jorge Zarazua
|
0-0: Ball 1-0: Foul Ball, location: 2F 1-1: Called Strike 1-2: Foul Ball, location: 2F 1-2: Ball 2-2: SINGLE (Groundball, 34D, EV 100.0 MPH)
|
|
Batting: RHB Tim Jobe
|
0-0: Fly out, F7 (Flyball, 78XD, EV 94.4 MPH)
|
|
Batting: SHB Gerardo Macias
|
0-0: Ball 1-0: Ball 2-0: Ball 3-0: Called Strike 3-1: Base on Balls Jorge Zarazua to second
|
|
Batting: RHB Edgar Landim
|
0-0: SINGLE (Line Drive, 34D, EV 96.2 MPH) Jorge Zarazua to third Gerardo Macias to second
|
|
Batting: RHB Kyle Burns
|
0-0: Fly out, F9 (Flyball, 9, EV 80.0 MPH)
|
| Top of the 1st over - 0 runs, 2 hits, 0 errors, 3 left on base; Peoria 0 - West Virginia 0 |
| BOTTOM OF THE 1ST |
|
West Virginia Power batting - Pitching for Peoria Chiefs : RHP Ricky Yerzy
|
|
Pitching: RHP Ricky Yerzy
|
|
|
Batting: RHB Ken Manser
|
0-0: Called Strike 0-1: SINGLE (Groundball, 34D, EV 110.0 MPH)
|
|
Batting: LHB Donald Imre
|
0-0: Called Strike 0-1: Foul Ball, location: 2F 0-2: Ball Ken Manser is caught stealing 2nd base 2-6 1-2: Ball 2-2: Foul Ball, location: 2F 2-2: TRIPLE (Line Drive, 89XD, EV 108.8 MPH)
|
|
Batting: LHB Joe Wise
|
0-0: Ball 1-0: Foul Ball, location: 2F 1-1: Swinging Strike 1-2: Strikes out swinging
|
|
Batting: LHB Gregg Kellerman
|
0-0: Called Strike 0-1: Ground out 4-3 (Groundball, 4, EV 103.1 MPH)
|
| Bottom of the 1st over - 0 runs, 2 hits, 0 errors, 1 left on base; Peoria 0 - West Virginia 0 |
| TOP OF THE 2ND |
|
Peoria Chiefs batting - Pitching for West Virginia Power : LHP Alfredo Carranza
|
|
Batting: RHB Ricky Yerzy
|
0-0: Ground out 6-3 (Groundball, 6, EV 87.5 MPH)
|
|
Batting: SHB Hank Arias
|
0-0: Called Strike 0-1: Ball 1-1: Ball 2-1: Foul Ball, location: 2F 2-2: Ball 3-2: Base on Balls
|
|
Batting: RHB Tim Cleary
|
0-0: Foul Ball, location: 2F 0-1: Ball 1-1: Ball 2-1: Swinging Strike 2-2: Ball 3-2: Strikes out swinging
|
|
Batting: RHB Fekadu Alhaadi
|
0-0: Ball 1-0: Ball 2-0: Ball 3-0: Base on Balls Hank Arias to second
|
|
Batting: LHB Jorge Zarazua
|
0-0: Ball 1-0: Swinging Strike 1-1: Swinging Strike 1-2: Strikes out swinging
|
| Top of the 2nd over - 0 runs, 0 hits, 0 errors, 2 left on base; Peoria 0 - West Virginia 0 |
| BOTTOM OF THE 2ND |
|
West Virginia Power batting - Pitching for Peoria Chiefs : RHP Ricky Yerzy
|
|
Batting: LHB Tomohiro Yokoyama
|
0-0: Called Strike 0-1: Ball 1-1: Ball 2-1: Ball 3-1: Base on Balls
|
|
Batting: LHB Brandon Sarni
|
0-0: Ball 1-0: Ball 2-0: Called Strike 2-1: Ball 3-1: Base on Balls Tomohiro Yokoyama to second
|
|
Batting: RHB Tom Tate
|
0-0: DOUBLE (Flyball, 8RXD, EV 88.8 MPH) Tomohiro Yokoyama scores Brandon Sarni to third
|
|
Batting: RHB Rick Pittman
|
0-0: Fly out, F7 (Flyball, 78M, EV 81.2 MPH) Runner from 3rd tags up, SCORES, throw by LF
|
|
Batting: RHB Brian Moore
|
0-0: Ball 1-0: Called Strike 1-1: Ball 2-1: Foul Ball, location: 2F 2-2: Ball 3-2: Ground out 4-3 (Groundball, 4, EV 109.4 MPH) Tom Tate to third
|
|
Batting: RHB Ken Manser
|
0-0: Ball 1-0: Fly out, F6 (Line Drive, 56, EV 72.5 MPH)
|
| Bottom of the 2nd over - 2 runs, 1 hit, 0 errors, 1 left on base; Peoria 0 - West Virginia 2 |
| TOP OF THE 3RD |
|
Peoria Chiefs batting - Pitching for West Virginia Power : LHP Alfredo Carranza
|
|
Batting: RHB Tim Jobe
|
0-0: Ball 1-0: Ground out 5-3 (Groundball, 56S, EV 90.6 MPH)
|
|
Batting: SHB Gerardo Macias
|
0-0: Ball 1-0: Ball 2-0: Called Strike 2-1: Ball 3-1: Base on Balls
|
|
Batting: RHB Edgar Landim
|
0-0: Ball 1-0: Ball 2-0: Ball 3-0: Called Strike 3-1: Base on Balls Gerardo Macias to second
|
|
Batting: RHB Kyle Burns
|
0-0: SINGLE (Groundball, 6MD, EV 104.4 MPH) Gerardo Macias to third Edgar Landim to second
|
|
Batting: RHB Ricky Yerzy
|
0-0: Ball 1-0: Foul Ball, location: 2F 1-1: Foul Ball, location: 2F 1-2: Foul Ball, location: 2F 1-2: GRAND SLAM HOME RUN (Flyball, 7D, EV 98.1 MPH), Distance : 365 ft
|
|
Batting: SHB Hank Arias
|
0-0: Called Strike 0-1: Ball 1-1: Bunt missed! 1-2: Ball 2-2: Ball 3-2: Ground out 6-3 (Groundball, 6, EV 88.8 MPH)
|
|
Batting: RHB Tim Cleary
|
0-0: Swinging Strike 0-1: Called Strike 0-2: Ball 1-2: Strikes out looking
|
| Top of the 3rd over - 4 runs, 2 hits, 0 errors, 0 left on base; Peoria 4 - West Virginia 2 |
| BOTTOM OF THE 3RD |
|
West Virginia Power batting - Pitching for Peoria Chiefs : RHP Ricky Yerzy
|
|
Batting: LHB Donald Imre
|
0-0: Ball 1-0: Swinging Strike 1-1: Ball 2-1: Called Strike 2-2: Ball 3-2: Base on Balls
|
|
Batting: LHB Joe Wise
|
0-0: Ball Passed Ball! Donald Imre to second 1-0: Called Strike 1-1: Ball 2-1: Foul Ball, location: 2F 2-2: Reached on error, E2 (Groundball, 2R, EV 61.9 MPH) Donald Imre scores
|
|
Batting: LHB Gregg Kellerman
|
0-0: Ball 1-0: Fly out, F9 (Flyball, 9, EV 81.2 MPH)
|
|
Batting: LHB Tomohiro Yokoyama
|
0-0: Fly out, F8 (Flyball, 78M, EV 98.1 MPH)
|
|
Batting: LHB Brandon Sarni
|
0-0: Swinging Strike 0-1: Ball 1-1: Foul Ball, location: 2F 1-2: Foul Ball, location: 2F 1-2: Ball 2-2: Foul Ball, location: 2F 2-2: Ground out 4-3 (Groundball, 4, EV 80.0 MPH)
|
| Bottom of the 3rd over - 1 run, 0 hits, 1 error, 1 left on base; Peoria 4 - West Virginia 3 |
| TOP OF THE 4TH |
|
Peoria Chiefs batting - Pitching for West Virginia Power : LHP Alfredo Carranza
|
|
Batting: RHB Fekadu Alhaadi
|
0-0: Ball 1-0: Swinging Strike 1-1: Called Strike 1-2: Foul Ball, location: 2F 1-2: Ball 2-2: Fly out, F8 (Flyball, 8RS, EV 88.1 MPH)
|
|
Batting: LHB Jorge Zarazua
|
0-0: Ball 1-0: Ball 2-0: SINGLE (Groundball, 5L, EV 93.1 MPH) (infield hit)
|
|
Batting: RHB Tim Jobe
|
0-0: Foul Ball, location: 2F 0-1: Foul Ball, location: 2F 0-2: Fielders Choice at 2nd, 2-4 (Groundball, 15S, EV 69.4 MPH)
|
|
Batting: SHB Gerardo Macias
|
0-0: Called Strike 0-1: Foul Ball, location: 2F 0-2: Ball 1-2: Strikes out swinging
|
| Top of the 4th over - 0 runs, 1 hit, 0 errors, 1 left on base; Peoria 4 - West Virginia 3 |
| BOTTOM OF THE 4TH |
|
West Virginia Power batting - Pitching for Peoria Chiefs : RHP Ricky Yerzy
|
|
Batting: RHB Tom Tate
|
0-0: Ground out 4-3 (Groundball, 4, EV 107.5 MPH)
|
|
Batting: RHB Rick Pittman
|
0-0: Ball 1-0: Swinging Strike 1-1: Called Strike 1-2: Ball 2-2: Ball 3-2: Foul Ball, location: 2F 3-2: Ground out 4-3 (Groundball, 4, EV 109.4 MPH)
|
|
Batting: RHB Brian Moore
|
0-0: Ball 1-0: Called Strike 1-1: Foul Ball, location: 2F 1-2: Fly out, F8 (Flyball, 8LXD, EV 84.4 MPH)
|
| Bottom of the 4th over - 0 runs, 0 hits, 0 errors, 0 left on base; Peoria 4 - West Virginia 3 |
| TOP OF THE 5TH |
|
Peoria Chiefs batting - Pitching for West Virginia Power : LHP Alfredo Carranza
|
|
Batting: RHB Edgar Landim
|
0-0: DOUBLE (Line Drive, 7LS, EV 110.0 MPH)
|
|
Batting: RHB Kyle Burns
|
0-0: Foul Ball, location: 2F 0-1: Swinging Strike 0-2: Foul Ball, location: 2F 0-2: Ball 1-2: Foul Ball, location: 2F 1-2: Ball 2-2: Ground out 6-3 (Groundball, 6M, EV 107.5 MPH) Edgar Landim to third
|
|
Batting: RHB Ricky Yerzy
|
0-0: Ball 1-0: Ball 2-0: Ball 3-0: Called Strike 3-1: Foul Ball, location: 2F 3-2: Strikes out looking
|
|
Pitching: RHP Adam Monge
|
|
|
Batting: SHB Hank Arias
|
0-0: Ball 1-0: Ball 2-0: Ball 3-0: Base on Balls
|
|
Batting: RHB Tim Cleary
|
0-0: Ball 1-0: Ball 2-0: Called Strike 2-1: Ground out 4-3 (Groundball, 4D, EV 88.8 MPH)
|
| Top of the 5th over - 0 runs, 1 hit, 0 errors, 2 left on base; Peoria 4 - West Virginia 3 |
| BOTTOM OF THE 5TH |
|
West Virginia Power batting - Pitching for Peoria Chiefs : RHP Ricky Yerzy
|
|
Batting: RHB Ken Manser
|
0-0: Foul Ball, location: 2F 0-1: Foul Ball, location: 2F 0-2: Ball 1-2: Foul Ball, location: 2F 1-2: Foul Ball, location: 2F 1-2: Foul Ball, location: 2F 1-2: Ball 2-2: DOUBLE (Line Drive, 9LS, EV 101.2 MPH)
|
|
Batting: LHB Donald Imre
|
0-0: Ball 1-0: Ball Passed Ball! Ken Manser to third 2-0: Called Strike 2-1: Called Strike 2-2: Foul Ball, location: 2F 2-2: Ball 3-2: Base on Balls
|
|
Batting: LHB Joe Wise
|
0-0: Foul Ball, location: 2F 0-1: Foul Ball, location: 2F 0-2: Strikes out swinging
|
|
Pitching: RHP T.J. Stahlman
|
|
|
Batting: LHB Gregg Kellerman
|
0-0: Called Strike 0-1: Ball 1-1: Foul Ball, location: 2F 1-2: Strikes out swinging
|
|
Batting: LHB Tomohiro Yokoyama
|
0-0: Ground out U3 (Groundball, 3, EV 83.8 MPH)
|
| Bottom of the 5th over - 0 runs, 1 hit, 0 errors, 2 left on base; Peoria 4 - West Virginia 3 |
| TOP OF THE 6TH |
|
Peoria Chiefs batting - Pitching for West Virginia Power : RHP Adam Monge
|
|
Batting: RHB Fekadu Alhaadi
|
0-0: Ball 1-0: Fly out, F7 (Line Drive, 7, EV 84.4 MPH)
|
|
Batting: LHB Jorge Zarazua
|
0-0: Called Strike 0-1: Ball 1-1: Ball 2-1: Foul Ball, location: 2F 2-2: Ball 3-2: Strikes out swinging
|
|
Batting: RHB Tim Jobe
|
0-0: Called Strike 0-1: Ball 1-1: Foul Ball, location: 2F 1-2: Ball 2-2: Ball 3-2: Foul Ball, location: 2F 3-2: Strikes out swinging
|
| Top of the 6th over - 0 runs, 0 hits, 0 errors, 0 left on base; Peoria 4 - West Virginia 3 |
| BOTTOM OF THE 6TH |
|
West Virginia Power batting - Pitching for Peoria Chiefs : RHP T.J. Stahlman
|
|
Batting: LHB Brandon Sarni
|
0-0: Ball 1-0: Called Strike 1-1: Swinging Strike 1-2: Strikes out swinging
|
|
Batting: RHB Tom Tate
|
0-0: Ball 1-0: Swinging Strike 1-1: Foul Ball, location: 2F 1-2: Ball 2-2: Ball 3-2: Strikes out swinging
|
|
Batting: RHB Rick Pittman
|
0-0: Swinging Strike 0-1: Ball 1-1: Ball 2-1: Ball 3-1: Called Strike 3-2: Ground out 5-3 (Groundball, 5L, EV 102.5 MPH)
|
| Bottom of the 6th over - 0 runs, 0 hits, 0 errors, 0 left on base; Peoria 4 - West Virginia 3 |
| TOP OF THE 7TH |
|
Peoria Chiefs batting - Pitching for West Virginia Power : RHP Adam Monge
|
|
Pitching: RHP Kevin Beury
|
|
|
Batting: SHB Gerardo Macias
|
0-0: Fly out, F8 (Flyball, 8RD, EV 103.1 MPH)
|
|
Batting: RHB Edgar Landim
|
0-0: Foul Ball, location: 2F 0-1: Ball 1-1: SOLO HOME RUN (Flyball, 9D, EV 96.2 MPH), Distance : 370 ft
|
|
Batting: RHB Kyle Burns
|
0-0: Called Strike 0-1: Ground out U3 (Groundball, 34, EV 101.2 MPH)
|
|
Batting: RHB Ricky Yerzy
|
0-0: Called Strike 0-1: Foul Ball, location: 2F 0-2: Foul Ball, location: 2F 0-2: Ball 1-2: Strikes out swinging
|
| Top of the 7th over - 1 run, 1 hit, 0 errors, 0 left on base; Peoria 5 - West Virginia 3 |
| BOTTOM OF THE 7TH |
|
West Virginia Power batting - Pitching for Peoria Chiefs : RHP T.J. Stahlman
|
|
Pitching: RHP Juan Gomez
|
|
|
Batting: RHB Brian Moore
|
0-0: Swinging Strike 0-1: Ball 1-1: Swinging Strike 1-2: Foul Ball, location: 2F 1-2: Strikes out swinging
|
|
Batting: RHB Ken Manser
|
0-0: Ball 1-0: Called Strike 1-1: Foul Ball, location: 2F 1-2: Ball 2-2: Ball 3-2: TRIPLE (Line Drive, 89XD, EV 100.0 MPH)
|
|
Batting: LHB Donald Imre
|
0-0: Ball Passed Ball! Ken Manser scores 1-0: Ball 2-0: Swinging Strike 2-1: Foul Ball, location: 2F 2-2: Ground out 6-3 (Groundball, 4M, EV 81.2 MPH)
|
|
Batting: LHB Joe Wise
|
0-0: Ball 1-0: Called Strike 1-1: Ball 2-1: Ground out 5-3 (Groundball, 56, EV 103.8 MPH)
|
| Bottom of the 7th over - 1 run, 1 hit, 0 errors, 0 left on base; Peoria 5 - West Virginia 4 |
| TOP OF THE 8TH |
|
Peoria Chiefs batting - Pitching for West Virginia Power : RHP Kevin Beury
|
|
Batting: SHB Hank Arias
|
0-0: Ball 1-0: Ground out 6-3 (Groundball, 6MS, EV 80.6 MPH)
|
|
Batting: RHB Tim Cleary
|
0-0: Ball 1-0: Called Strike 1-1: Swinging Strike 1-2: Foul Ball, location: 2F 1-2: Strikes out looking
|
|
Batting: RHB Fekadu Alhaadi
|
0-0: Ball 1-0: Called Strike 1-1: Foul Ball, location: 2F 1-2: Fly out, F9 (Flyball, 9LSF, EV 74.4 MPH)
|
| Top of the 8th over - 0 runs, 0 hits, 0 errors, 0 left on base; Peoria 5 - West Virginia 4 |
| BOTTOM OF THE 8TH |
|
West Virginia Power batting - Pitching for Peoria Chiefs : RHP Juan Gomez
|
|
Pitching: LHP Logan Moultry
|
|
|
Batting: LHB Gregg Kellerman
|
0-0: Foul Ball, location: 2F 0-1: Swinging Strike 0-2: Foul Ball, location: 2F 0-2: Ball 1-2: Strikes out looking
|
|
Batting: LHB Tomohiro Yokoyama
|
0-0: Called Strike 0-1: Foul Ball, location: 2F 0-2: Ball 1-2: Strikes out swinging
|
|
Batting: LHB Brandon Sarni
|
0-0: Ball 1-0: Reached on error, E4 (Groundball, 4, EV 85.0 MPH)
|
|
Batting: RHB Tom Tate
|
0-0: Ball 1-0: TRIPLE (Flyball, 89XD, EV 91.2 MPH) Brandon Sarni scores
|
|
Batting: RHB Rick Pittman
|
0-0: Intentional Walk
|
|
Batting: RHB Brian Moore
|
0-0: Called Strike 0-1: Ball 1-1: Ball Passed Ball! Tom Tate scores Rick Pittman to second 2-1: Foul Ball, location: 2F 2-2: Ground out 5-3 (Groundball, 56S, EV 71.9 MPH)
|
| Bottom of the 8th over - 2 runs, 1 hit, 1 error, 1 left on base; Peoria 5 - West Virginia 6 |
| TOP OF THE 9TH |
|
Peoria Chiefs batting - Pitching for West Virginia Power : RHP Kevin Beury
|
|
Pitching: RHP Joe Simanton
|
|
|
Batting: LHB Jorge Zarazua
|
0-0: Called Strike 0-1: Ball 1-1: Ball 2-1: Ball 3-1: Foul Ball, location: 2F 3-2: Strikes out swinging
|
|
Batting: RHB Tim Jobe
|
0-0: Ball 1-0: Ball 2-0: Called Strike 2-1: Foul Ball, location: 2F 2-2: Strikes out looking
|
|
Batting: SHB Gerardo Macias
|
0-0: Ball 1-0: Foul Ball, location: 2F 1-1: Foul Ball, location: 2F 1-2: Ball 2-2: Ground out 4-3 (Groundball, 34D, EV 98.1 MPH)
|
| Top of the 9th over - 0 runs, 0 hits, 0 errors, 0 left on base; Peoria 5 - West Virginia 6 |
|